[Event "Czech Championship 2022"]
[Site "Usti nad Labem"]
[Date "2022.05.22"]
[Round "9.12"]
[White "Mikes, Jan"]
[Black "Jun, Rudolf"]
[Result "1/2-1/2"]
[ECO "B23"]
[WhiteElo "2349"]
[BlackElo "2183"]
[Annotator "TA"]
[PlyCount "75"]
[EventDate "2022.05.12"]
[EventType "swiss"]
[EventCountry "CZE"]
[SourceTitle "playchess.com"]
[Source "ChessBase"]
[SourceQuality "1"]
[TimeControl "40/5400+30:1800+30"]

1. e4 {[%emt 0:00:04] ChessBase II} c5 2. Nc3 Nc6 3. Bb5 g6 4. Bxc6 dxc6 5. f4 e5 6. d3 {[%emt 0:00:40] B23: Closed Sicilian: Lines without g3.} Bg7 7. Nf3 Bg4 (7... exf4 $11 8. Bxf4 Nf6) 8. O-O {[%emt 0:00:38] White is better.} (8. h3 $5 Bxf3 9. Qxf3 $14) 8... Ne7 9. Qe1 {[%emt 0:07:39] [#]} (9. fxe5 {keeps more tension.} Bxe5 10. Bh6 f5 11. h3) 9... exf4 $146 ({Predecessor:} 9... Bxf3 10. Rxf3 Qd6 11. Qh4 f6 12. fxe5 Qxe5 13. Qh3 Rd8 14. Bf4 Qd4+ 15. Be3 Qd6 {1-0 (26) Bluhm,S (2229)-Zenere,G (1931) Vaujany 2016 EXT 2017 [ChessBase II]}) 10. Bxf4 h6 (10... Qd7 $14) 11. Kh1 Bxf3 12. Rxf3 g5 13. Be3 b6 $1 14. Qd2 {[%emt 0:07:02] White is more active.} Ng6 15. Raf1 O-O 16. Ne2 Nh4 17. R3f2 Be5 18. c3 (18. a3 $16) 18... Qe7 19. d4 (19. b4 $16) 19... Rad8 (19... cxd4 $11 20. cxd4 Bg7) 20. Qc2 $1 $16 cxd4 21. cxd4 Bg7 22. Ng3 ({But not} 22. Qxc6 $6 Rc8 23. Qd5 Rcd8 $11) (22. g3 $1 $16 c5 23. dxc5 (23. gxh4 cxd4 24. Bxg5 hxg5 $16)) 22... Bxd4 23. Bxd4 Rxd4 24. Qxc6 Qd6 25. Qc2 Qe5 26. Qb3 Qe7 (26... Qc7 $142) 27. Rf6 (27. h3 $16) 27... Rd6 $1 $14 28. R6f2 Qe6 (28... Rd4 $11 {remains equal.}) 29. Qa3 $16 a5 30. h3 (30. Nh5 $1 $16) 30... Rfd8 $14 {[%emt 0:02:52] ...Rd3 is the strong threat.} 31. Nh5 ({Better is} 31. Rxf7 $14 Qxf7 32. Rxf7 Kxf7 33. Qb3+ Kf8 34. Ne2) 31... Rd3 $36 {[%emt 0:05:52][%mdl 2048] Black is pushing.} 32. Qa4 {[%emt 0:00:38][%mdl 8192] [#]} (32. Nf6+ $11 {and White stays safe.} Kg7 33. Nh5+ Kg8 34. Nf6+ Kg7 35. Nh5+ Kh8 36. b3 Nxg2 37. Qb2+ R8d4 38. Qa3 Rxh3+ 39. Kg1) 32... Rxh3+ $2 (32... Nxg2 $1 $19 33. Nf6+ Kg7 34. Nh5+ Kh8 35. Kxg2 Qxh3+ 36. Kg1 Qg4+ 37. Rg2 Qxh5) 33. gxh3 $2 (33. Kg1 $1 $11 {and White is okay.} Nf3+ 34. Rxf3 Rxh5 35. Rxf7) 33... Qxh3+ $19 34. Kg1 Qg4+ {[%emt 0:00:21][%mdl 1024] Black has strong compensation.} 35. Kh1 {[%emt 0:00:05] Nf6+ would kill now.} Qh3+ 36. Kg1 Qg4+ 37. Kh1 {[%emt 0:00:03] Intending Nf6+ and mate.} Qh3+ $2 ({Black should try} 37... Qxh5 $19 38. Rh2 Qg4) 38. Kg1 {[%emt 0:00:05] Weighted Error Value: White=0.52/Black=0.55} 1/2-1/2

[Event "Czech Championship 2022"]
[Site "Usti nad Labem"]
[Date "2022.05.22"]
[Round "9.13"]
[White "Serrano Salvador, Eduardo"]
[Black "Buchcar, Tomas"]
[Result "0-1"]
[ECO "D10"]
[WhiteElo "2286"]
[BlackElo "2183"]
[Annotator "TA"]
[PlyCount "110"]
[EventDate "2022.05.12"]
[EventType "swiss"]
[EventCountry "CZE"]
[SourceTitle "playchess.com"]
[Source "ChessBase"]
[SourceQuality "1"]
[TimeControl "40/5400+30:1800+30"]

1. d4 d5 2. c4 c6 3. cxd5 cxd5 4. Bg5 Nc6 5. Nc3 Nf6 6. Bxf6 {[%emt 0:00:16] D10: Slav Defence: 3 cxd5 (without early Nf3) and 3 Nc3.} gxf6 7. e3 e6 8. Bd3 {[%emt 0:00:15] White is slightly better. 8.Nf3 is not played anymore.} f5 9. g3 Bd6 10. Nf3 Qf6 11. Rc1 {[%emt 0:01:36] [#]} O-O $146 (11... a6 12. a3 Bd7 13. Ne2 Rb8 14. b4 b5 15. Qb3 h5 16. Nf4 Bxf4 17. gxf4 h4) ({Predecessor:} 11... a6 12. a3 Bd7 13. Ne2 Rb8 14. b4 b5 15. Qb3 h5 16. Nf4 Bxf4 17. gxf4 h4 {1-0 (38) Jensen,M (2039)-Piliczewski,B (1938) Chess.com INT 2022}) 12. O-O Kh8 13. Na4 Ne7 14. Qe2 Rg8 15. Kh1 Qg7 16. Rg1 f6 17. Nh4 e5 18. Qh5 $2 {[%emt 0:02:24] [#]} (18. a3) (18. Nc3 $14 {stays ahead.}) 18... Qg4 (18... e4 19. Bc2 f4) (18... e4 $1 $17 19. Bc2 f4) 19. Be2 (19. Qh6 {keeps more tension.} Qg5 20. Qxg5 fxg5 21. dxe5 Bxe5 22. Nf3) 19... Qxh5 20. Bxh5 Rg7 21. Nc3 Bd7 22. Bf3 Bc6 23. Rgd1 e4 24. Be2 a6 25. Rb1 Bb4 26. Rdc1 Kg8 27. a3 Bd6 28. b4 Kf7 29. Bf1 Rgg8 30. Bh3 (30. b5 axb5 31. Nxb5) (30. b5 $14 axb5 31. Nxb5) 30... Bd7 $11 31. Rc2 Rgc8 32. Rbc1 (32. Rcc1 $15) 32... Rc6 ({Better is} 32... a5 $17 33. bxa5 Bxa3) 33. Nb1 $15 Rxc2 34. Rxc2 b5 35. Rc3 a5 36. bxa5 Rxa5 37. Rb3 {[%emt 0:00:11] Against b4} Ra4 38. Bf1 (38. Kg1 $11 {remains equal.}) 38... b4 $17 39. axb4 Rxb4 40. Nd2 {[%emt 0:00:34] [#]} Ba4 $1 41. Ra3 {[%emt 0:32:29] [#]} Rxd4 $3 42. Ra2 Rb4 $36 {[%emt 0:00:19][%mdl 2048] Black is really pushing.} 43. Bh3 Bd7 {[%emt 0:00:39] This bishop pair is nice.} 44. Kg2 Ke6 45. Rc2 Bb5 46. Ra2 Bd3 47. Kg1 Be5 {[%emt 0:09:09] Black is more active.} 48. Kg2 $2 {[%emt 0:05:35] Loses the game.} (48. Bf1 $17) 48... Bc3 $19 49. Nf1 (49. f3 $142) 49... Rb1 {[%emt 0:05:22] Black is clearly winning.} 50. Kg1 d4 51. exd4 Bxd4 52. Rd2 Ra1 53. g4 f4 54. g5+ f5 55. Bg2 Bc3 {[%emt 0:00:29] Weighted Error Value: White=0.33/Black=0.13 (very precise)} 0-1

[Event "Czech Championship 2022"]
[Site "Usti nad Labem"]
[Date "2022.05.22"]
[Round "9.14"]
[White "Stinka, Jakub"]
[Black "Smolik, Jachym"]
[Result "1-0"]
[ECO "E12"]
[WhiteElo "2345"]
[BlackElo "2272"]
[Annotator "TA"]
[PlyCount "69"]
[EventDate "2022.05.12"]
[EventType "swiss"]
[EventCountry "CZE"]
[SourceTitle "playchess.com"]
[Source "ChessBase"]
[SourceQuality "1"]
[TimeControl "40/5400+30:1800+30"]

1. d4 Nf6 2. c4 e6 3. Nf3 b6 4. a3 Bb7 5. Nc3 d5 6. cxd5 Nxd5 7. e3 Be7 8. Bb5+ c6 9. Bd3 O-O 10. Qc2 h6 11. e4 Nxc3 12. bxc3 c5 13. O-O {[%emt 0:00:26] E12: Queen's Indian: Unusual White 4th moves, 4 a3, 4 Nc3 Bb7 5 a3 and 4 Nc3 Bb7 .} Qc7 14. Qe2 {[%emt 0:01:36] [#]} cxd4 $146 ({Predecessor:} 14... Nd7 15. e5 Rfd8 16. Bf4 Nf8 17. Qe3 Rac8 18. Rfd1 cxd4 19. cxd4 Qc3 20. a4 Ng6 21. Bg3 Bxf3 22. gxf3 Qxd4 23. Bxg6 Qxe3 24. Bxf7+ Kxf7 25. fxe3 Rxd1+ 26. Rxd1 {1-0 (76) Agrest,E (2571)-Almasi,Z (2640) Bastia 2005}) 15. cxd4 {[%emt 0:00:09] White has an edge.} Nd7 16. Bb2 Rac8 17. Rad1 Rfd8 18. Nd2 Nf8 19. f4 Qd7 20. Qg4 {[%emt 0:10:02] [#]} (20. Nc4 $14) 20... Bxa3 $1 $17 21. Ba1 f6 (21... Bb4 $17 {Strongly threatening ...Bc3.} 22. Qe2 Bc3) 22. Qg3 Be7 23. Nf3 Bc6 24. d5 exd5 ({Better is} 24... Bb5 $11) 25. e5 $16 {[%emt 0:01:18] White is more active.} Bc5+ {[%emt 0:06:20] [#]} (25... d4 $16) 26. Kh1 $1 $18 d4 (26... Ba4 27. exf6 Qf7 28. fxg7 Bxd1 29. gxf8=N+ Kxf8 30. Ne5 $18) 27. exf6 Bxf3 (27... Qf7 {was called for.}) 28. Rxf3 Rc7 (28... Kh8 $142 29. Bf5 Qf7 30. Bxc8 Rxc8) 29. Qh4 Qd6 30. Rg3 Kh8 $2 (30... Nh7 $18) 31. Rxg7 {[%emt 0:01:45][%mdl 64] Remove Defender} Rxg7 32. Qxh6+ ({Weaker is} 32. fxg7+ Kxg7 33. Bb2 Qf6 34. Qg4+ Kh8 $14) 32... Rh7 33. Bxh7 Qc7 {[%emt 0:00:54] Against Qg7+} 34. Bg6+ Nh7 35. f7 {[%emt 0:00:19] Weighted Error Value: White=0.19 (very precise) /Black=0.93} 1-0

[Event "Czech Championship 2022"]
[Site "Usti nad Labem"]
[Date "2022.05.22"]
[Round "9.15"]
[White "Krivanek, Vladimir"]
[Black "Paulus, Vaclav"]
[Result "0-1"]
[ECO "A01"]
[WhiteElo "2180"]
[BlackElo "2093"]
[Annotator "TA"]
[PlyCount "74"]
[EventDate "2022.05.12"]
[EventType "swiss"]
[EventCountry "CZE"]
[SourceTitle "playchess.com"]
[Source "ChessBase"]
[SourceQuality "1"]
[TimeControl "40/5400+30:1800+30"]

1. b3 b5 2. e3 Bb7 3. Nf3 a6 4. Bb2 e6 5. Be2 Nf6 6. O-O {[%emt 0:00:14] A01: Nimzowitsch-Larsen Opening.} Be7 7. d4 {[%emt 0:00:59] [#]} d6 $146 ({Predecessor:} 7... O-O 8. c4 b4 9. Nbd2 d6 10. Qc2 Nbd7 11. Rfd1 c5 12. dxc5 Nxc5 13. Ng5 h6 14. Bxf6 hxg5 {0-1 (54) Saucourt,N (1762)-Bujisho,B (2326) Sables d'Olonne 2019}) 8. c4 {[%emt 0:00:42] White has an edge.} bxc4 9. bxc4 Nbd7 10. Nc3 Rb8 {[%emt 0:01:33] Threatens to win with ...Bxf3.} 11. Rb1 O-O 12. Qd3 e5 13. dxe5 Nxe5 14. Nxe5 dxe5 15. Qf5 Bd6 16. e4 g6 17. Qf3 Nxe4 18. Nxe4 $16 {[%emt 0:01:09] aiming for c5.} f5 {[%emt 0:00:13] [#]} 19. Qc3 $1 Bxe4 20. c5 $1 Be7 $2 (20... Qg5 $16 {is a better chance.} 21. g3 Bxb1 22. Rxb1 f4) 21. Qxe5 Bf6 {[%emt 0:01:53] Prevents Qg7+.} 22. Qe6+ Kg7 23. Rbd1 Qe8 24. Rd7+ Kh6 {[%emt 0:00:12] [#]} 25. Bc1+ $2 (25. Bxf6 $1 $18 {Bg7+ would kill now.} Rxf6 26. Qxf6 Qxd7 27. g4 (27. Bxa6 Qd8 $14) (27. f4 Re8 $11)) 25... g5 $14 26. Qxe8 Rfxe8 27. Bxa6 Ra8 (27... Re7 $14 28. Rxe7 Bxe7) 28. Bc4 $16 {[%emt 0:00:27] And now h4 would win.} Ra5 29. f3 Bc6 30. Rxc7 Rxc5 {[%emt 0:00:36] [#]} 31. Bb3 (31. Rxc6 $1 $14 Rxc6 32. Bb5 Bd4+ 33. Kh1 Rxc1 34. Rxc1) 31... Bd4+ $11 32. Kh1 {[%emt 0:00:12] Strongly threatening h4.} Re2 {[%emt 0:00:12][%cal Oc6f3] ...Bxf3! is the strong threat.} 33. h4 $2 {[%emt 0:03:12] [#]} (33. Ra7 $11) 33... Bxf3 $1 $19 34. Bxg5+ Kh5 {[%emt 0:00:55] Black is more active.} (34... Kg6 $17 35. Rxf3 (35. Bf7+ $2 Kg7 $19) 35... Rxc7) 35. Rxh7+ $11 Kg4 {[%emt 0:00:08] Chess con chili.} 36. Bd1 $2 (36. Rxf3 $11 Re1+ 37. Kh2 Be5+ 38. Rf4+ Bxf4+ 39. Bxf4 Kxf4 40. g3+ Kf3 41. Rd7) 36... Bxg2+ 37. Kh2 Bxf1+ {[%emt 0:00:41][%mdl 64] Discovered Attack. What a bad dream for White.  Weighted Error Value: White=0.66/Black=0.37} 0-1

[Event "Czech Championship 2022"]
[Site "Usti nad Labem"]
[Date "2022.05.22"]
[Round "9.16"]
[White "Bouska, Jiri"]
[Black "Soucek, Petr"]
[Result "1/2-1/2"]
[ECO "B07"]
[WhiteElo "2117"]
[BlackElo "2177"]
[Annotator "TA"]
[PlyCount "138"]
[EventDate "2022.05.12"]
[EventType "swiss"]
[EventCountry "CZE"]
[SourceTitle "playchess.com"]
[Source "ChessBase"]
[SourceQuality "1"]
[TimeControl "40/5400+30:1800+30"]

1. e4 d6 2. d4 Nf6 3. Nc3 e5 4. Nge2 Nc6 5. g3 Be7 (5... Bg4 {feels hotter.} 6. d5 Nd4 7. Bg2 c5) 6. Bg2 {[%emt 0:00:13] B07: Pirc Defence: Miscellaneous Systems.} O-O 7. O-O Re8 8. h3 {[%emt 0:00:14] White is slightly better.} exd4 9. Nxd4 Nxd4 10. Qxd4 Nd7 11. Nd5 Bf8 {[%emt 0:01:47] [#]} 12. Bd2 $146 ({Predecessor:} 12. b3 c6 13. Ne3 Qf6 14. Bb2 Qxd4 15. Bxd4 Nc5 16. Bxc5 dxc5 17. Rad1 Be6 18. Rd2 {½-½ (26) Kilgus,G (2230)-Boehsmueller,R (2175) Austria 1998}) 12... c6 13. Ne3 Qb6 14. Bc3 Nf6 (14... Qxd4 $11 15. Bxd4 Nc5) 15. Qd3 Nd7 16. b4 Ne5 17. Qe2 Be6 18. Kh2 Nc4 19. Nxc4 Qa6 {[%emt 0:01:16] [#]} 20. Qd2 $1 Bxc4 21. Rfe1 Rad8 22. a4 Rd7 23. b5 Qb6 24. Bd4 c5 25. Bc3 Qc7 26. Rad1 Red8 27. Qf4 Be6 28. Re2 Qb6 29. Red2 {[%emt 0:01:28] 0x0.0012592d59dfdp-1022s more active pieces.} (29. Qd2 $5 Qc7 30. f4 $14) 29... a6 30. Bf1 c4 31. bxa6 Qxa6 32. a5 Qb5 (32... d5 $2 33. exd5 Rxd5 34. Rxd5 (34. Bxc4 Qxc4 35. Qxc4 Rxd2 $16) 34... Rxd5 35. Bxc4 Qxc4 36. Qxc4 $18) 33. Bg2 Qc5 34. Bd4 (34. Rb1 $16) 34... Qxa5 $11 35. Qe3 Re8 36. f4 Qb5 (36... f6 $11) 37. Qf2 (37. f5 $1 $14 Bd5 38. Bxg7 $1 Bxg7 39. Rxd5) 37... f5 38. exf5 Bxf5 39. Bc3 Be4 {[%emt 0:00:30] Inhibits Rd5.} 40. Bxe4 Rxe4 41. Qf3 (41. Rd5 $11 Qc6 42. Be5 $1) 41... Rde7 (41... Qc6 $15) 42. Be5 c3 $1 43. Rd3 Qa4 $15 44. Bxc3 Re2+ 45. Kg1 Qxc2 46. f5 {[%emt 0:00:00] [#]} (46. R3d2 $15 Qb3 47. Qd5+ Qxd5 48. Rxd5) 46... R7e4 (46... R7e3 $142 $1 47. Qd5+ Kh8 48. Rxe3 Rxe3) 47. f6 gxf6 48. Kf1 (48. Qxf6 $2 {is a self mate.} Rg2+ 49. Kh1 Rh2+ 50. Kg1 Qg2#) (48. R3d2 $142 R2e3 49. Rxc2 Rxf3 50. Kg2) 48... Rh2 $2 49. R3d2 $11 Rxd2 50. Rxd2 Qb1+ 51. Kg2 {[%emt 0:00:00] And now Rb2 would win.} f5 $2 (51... Re6 $11 {and Black has nothing to worry.}) 52. Qh5 $2 ({Don't go for} 52. Qxf5 $2 Re2+ $3 53. Rxe2 Qxf5 $19) ({White must play} 52. Rb2 $1 $18 Qc1 53. Qxf5 Qxc3 54. Rf2) 52... Re6 $17 53. Rf2 {[%emt 0:02:21] [#]} Qe4+ $1 54. Kh2 d5 ({Black should try} 54... Bh6 $17 {Strongly threatening ...Be3.} 55. Rxf5 Qe2+ 56. Kh1 Qxh5 57. Rxh5 Be3) 55. Qg5+ $11 Rg6 56. Qxf5 Qxf5 57. Rxf5 {[%emt 0:00:03][%mdl 4096] Endgame KRB-KRB} Rc6 58. Bd4 Rc2+ 59. Kh1 (59. Kg1 $11 {keeps the balance.}) 59... b5 {[%emt 0:00:56] Threatens to win with ...Be7.} 60. Rxd5 b4 61. Rb5 h6 (61... Kf7 $15) 62. Rb7 {[%emt 0:00:26] The position is equal.} Rd2 63. Be5 Re2 64. Bd4 Rd2 65. Be5 Re2 66. Bd4 Re4 67. Bf6 Re6 68. Bd4 Re4 69. Bf6 Re6 {[%emt 0:00:50] Weighted Error Value: White=0.24 (precise) /Black=0.23 (precise)} 1/2-1/2

[Event "Czech Championship 2022"]
[Site "Usti nad Labem"]
[Date "2022.05.22"]
[Round "9.17"]
[White "Horak, Jiri"]
[Black "Bokhnak, Timofey"]
[Result "1/2-1/2"]
[ECO "B14"]
[WhiteElo "2161"]
[BlackElo "2060"]
[Annotator "TA"]
[PlyCount "76"]
[EventDate "2022.05.12"]
[EventType "swiss"]
[EventCountry "CZE"]
[SourceTitle "playchess.com"]
[Source "ChessBase"]
[SourceQuality "1"]
[TimeControl "40/5400+30:1800+30"]

1. e4 c6 2. d4 d5 3. exd5 cxd5 4. c4 e6 5. Nc3 Nf6 6. Nf3 Nc6 7. Bf4 {[%emt 0:01:29] B14: Caro-Kann: Panov-Botvinnik Attack with 5...e6 and 5...g6.} Bd6 (7... Bb4 $11 {feels stronger.}) 8. Bxd6 $1 $14 Qxd6 9. c5 {[%emt 0:00:17] White is slightly better.} Qd8 10. Bb5 O-O 11. O-O Ne7 12. b4 {[%emt 0:01:42] [#]} Qc7 $146 ({Predecessor:} 12... Ne4 13. Qc2 Nxc3 14. Qxc3 Qc7 15. Bd3 g6 16. a4 Bd7 17. b5 Rfc8 18. Ne5 Be8 {0-1 (71) Spacapan,S (1938)-Kodela,M (2001) Celje 2014}) 13. Qd2 Rd8 14. Bd3 a6 15. Rfe1 Bd7 16. Ne5 Be8 17. a4 {[%emt 0:07:23][%cal Ba2a4,Ba4a5][%mdl 32] White is much more active. The black rooks are badly placed.} b6 18. a5 b5 (18... bxa5 $14 19. Rxa5 Rab8) 19. Ne2 $36 {[%emt 0:09:36][%mdl 2048] White has strong initiative.} Nd7 20. Nxd7 Bxd7 21. Ra3 Nc6 22. f4 f6 23. Bb1 Be8 24. Rh3 g6 (24... Bg6 $16) 25. Ng3 $18 Bf7 {[%emt 0:03:28] [#]} (25... Rac8 $142 26. Rxe6 Bf7) 26. Nf1 (26. f5 $1 $18 {Black must now prevent Qh6.} gxf5 27. Qh6) 26... Rf8 $16 27. Rh4 Rae8 28. Ne3 Qd8 29. Ng4 ({Better is} 29. Rf1 $16) 29... f5 $11 {[%emt 0:00:23] The position is equal.} 30. Nh6+ Kg7 31. Rh3 {[%emt 0:00:34] And now g4 would win.} Qf6 32. Rd1 Bg8 33. Nxg8 Kxg8 34. Rd3 Re7 35. Re1 Kh8 36. Bc2 Rg7 37. Bd1 Rfg8 38. Rde3 Re7 {[%emt 0:01:45] Blacks defense is rewarded with a draw.  Weighted Error Value: White=0.16 (very precise) /Black=0.17 (very precise)} (38... Nxd4 $2 39. Re5 Nc6 40. Rxe6 Qd4+ 41. Qxd4 Nxd4 42. Rxa6 $18) ({But not} 38... Qxd4 39. Qxd4 Nxd4 40. Rd3 $14) 1/2-1/2

[Event "Czech Championship 2022"]
[Site "Usti nad Labem"]
[Date "2022.05.22"]
[Round "9.18"]
[White "Paseka, Matyas"]
[Black "Bartos, Jan"]
[Result "0-1"]
[ECO "C09"]
[WhiteElo "2076"]
[BlackElo "2125"]
[Annotator "TA"]
[PlyCount "196"]
[EventDate "2022.05.12"]
[EventType "swiss"]
[EventCountry "CZE"]
[SourceTitle "playchess.com"]
[Source "ChessBase"]
[SourceQuality "1"]
[TimeControl "40/5400+30:1800+30"]

1. e4 e6 2. d4 d5 3. Nd2 c5 4. exd5 exd5 5. Ngf3 Nc6 6. Bb5 Qe7+ $1 {[%emt 0:00:04][%mdl 4] is more profitable than 6...Bd6 at the moment.} 7. Be2 Qc7 {[%emt 0:00:04] C09: French Tarrasch: 3...c5 4 exd5 exd5 5 Ngf3 Nc6.} 8. O-O Nf6 9. Re1 cxd4 {[%emt 0:00:23] White has an edge.} 10. Nb3 Bb4 11. Bd2 Bxd2 12. Qxd2 O-O 13. Nfxd4 Bd7 14. Nc5 {[%emt 0:08:50] [#]} Nxd4 $146 ({Predecessor:} 14... Rad8 15. Nxc6 Bxc6 16. Bf3 Rfe8 17. Nb3 h6 18. Rxe8+ Rxe8 19. Rd1 Ne4 20. Qc1 a5 {½-½ (42) Dunlop,G (2518)-Tauber,H (2501) ICCF email 2020}) 15. Qxd4 Bf5 16. c3 Rad8 17. Rad1 Rfe8 18. f3 b6 19. Nd3 Qc4 20. Nc1 Qxd4+ 21. Rxd4 Bc8 22. Kf2 Bb7 23. Red1 Kf8 24. a4 Rd6 25. Bb5 Red8 26. Nb3 a6 27. Bf1 Nd7 28. a5 Nc5 29. Rb4 {[%emt 0:00:15] Nxc5 is the strong threat.} Nxb3 30. Rxb3 b5 31. Rb4 Ke7 32. Rbd4 g5 33. h4 h6 34. Bd3 Kf6 35. Rh1 Bc8 36. hxg5+ hxg5 37. Rh6+ Ke7 38. Rh5 Rg8 39. Bc2 Be6 40. Bb3 Kf6 41. f4 gxf4 42. Rxf4+ Ke7 43. Rd4 Rgd8 44. Kf3 Kf6 45. g4 Bc8 46. Kf4 (46. Bxd5 $2 Rxd5 47. Rdxd5 (47. Rhxd5 $2 Rxd5 48. Rxd5 Bb7 $19) 47... Rxd5 48. Rh6+ (48. Rxd5 $2 Bb7 $19) 48... Ke7 $19) 46... Be6 47. g5+ Ke7 48. Ke5 Rg8 49. Rf4 ({Better is} 49. Bxd5 $16 Bxd5 50. Rxd5 Rxg5+ 51. Rxg5 f6+ 52. Ke4 fxg5 53. Rxg5) 49... Rd7 (49... Rdd8 $11 {keeps the balance.}) 50. Rf6 (50. Bc2 $16) 50... b4 (50... Bg4 $11 51. Rhh6 Rxg5+ 52. Kf4 Rg8) 51. Ba4 (51. g6 $16 bxc3 52. Rh7 (52. bxc3 Rxg6 53. Rxg6 fxg6 $14) 52... cxb2 53. Rxe6+ Kd8 54. gxf7 Rg5+ 55. Kd4 Rg4+ 56. Kc5 Rc7+ 57. Rc6 (57. Kxd5 Rxf7 58. Bc2 Rxh7 $14) (57. Kd6 Rd7+ 58. Kc5 Rc7+ 59. Rc6 Rxc6+ 60. Kxc6 Ke7 $16) 57... Rxc6+ 58. Kxc6) 51... Rc7 $1 $11 52. cxb4 Rc4 53. Rxe6+ $1 fxe6 {[%emt 0:00:00][%csl Gd5][%cal Rc4e4][%mdl 4096] Endgame KRR-KRB} 54. Rh7+ Kf8 55. Kxe6 Rxg5 56. Kf6 Rg2 57. Rh8+ Rg8 58. Rxg8+ Kxg8 {[%emt 0:00:06] KR-KB} 59. Bb3 Rxb4 60. Bxd5+ Kf8 61. b3 Rb5 62. Bc4 Rxa5 63. Ke6 Ra1 (63... Ke8 $5) 64. Kd6 a5 65. Bb5 {[%emt 0:00:04] [#]} (65. Kc5 $11 {remains equal.}) 65... Rc1 $1 $17 66. Ba4 (66. Kd5 $17 {is a better defense.}) 66... Kf7 $2 (66... Rc3 $19 67. Ke5 Rc7) 67. Bb5 $2 (67. Bc6 $1 $11) 67... Kf6 68. Ba4 (68. Kd5 $17 {was necessary.}) 68... Kf5 $19 69. Kd5 Rd1+ $2 (69... Rc3 $19 {And now ...Kf6 would win.} 70. Kd4 Rc7) 70. Kc4 Ke5 71. Kb5 Rd5+ 72. Kc4 Rd8 {[%emt 0:00:52] aiming for ...Rb8.} (72... Kd6 $5 73. b4 axb4 $11) 73. Kc3 $2 (73. Kb5 $11) 73... Rb8 74. Bd7 (74. Kb2 $17 {might work better.}) 74... Kd6 75. Bf5 Kc5 {[%emt 0:00:09] ( -> ...Re8)} 76. Be6 Rf8 77. Bg4 Rf2 78. Bd1 $2 {[%emt 0:00:18] [#]} (78. Be6 $19) 78... Rg2 $1 79. Bc2 Rg3+ 80. Kb2 Kb4 81. Be4 Rxb3+ 82. Ka2 Re3 83. Bb1 Re2+ 84. Ka1 a4 85. Bd3 Rd2 86. Bb1 a3 87. Ba2 Kc3 $2 (87... Rd1+ {mates} 88. Bb1 Re1 89. Ka2 Re2+ 90. Ka1 Kb3 91. Bh7 a2 92. Bg8+ Ka3 93. Bxa2 Rxa2+ 94. Kb1 Rd2 95. Kc1 Rd6 96. Kc2 Kb4 97. Kb2 Rc6 98. Ka1 Ka3 99. Kb1 Kb3 100. Ka1 Rc1#) 88. Bf7 Rb2 89. Be6 Re2 90. Bf7 Rf2 91. Be6 Rf6 92. Ba2 $2 (92. Bg8 $15 Kb4 93. Bd5) 92... Rf1+ {[%emt 0:00:25] Black mates.} 93. Bb1 Kb4 94. Ka2 Rf2+ 95. Ka1 Kb3 96. Bd3 a2 97. Be2 Ka3 98. Bd1 Rg2 {[%emt 0:00:24] Weighted Error Value: White=0.12 (very precise) /Black=0.10 (very precise)} 0-1

[Event "Czech Championship 2022"]
[Site "Usti nad Labem"]
[Date "2022.05.22"]
[Round "9.19"]
[White "Hrbek, Stepan"]
[Black "Hladky, Tadeas"]
[Result "1-0"]
[ECO "E36"]
[WhiteElo "2303"]
[BlackElo "2119"]
[Annotator "TA"]
[PlyCount "59"]
[EventDate "2022.05.12"]
[EventType "swiss"]
[EventCountry "CZE"]
[SourceTitle "playchess.com"]
[Source "ChessBase"]
[SourceQuality "1"]
[TimeControl "40/5400+30:1800+30"]

1. d4 Nf6 2. c4 e6 3. Nc3 Bb4 4. Qc2 d5 5. a3 Be7 (5... Bxc3+ $11 6. Qxc3 dxc4) 6. cxd5 {[%emt 0:01:42] E36: Nimzo-Indian: Classical: 4...d5 5 a3.} Nxd5 7. e4 Nxc3 8. bxc3 (8. Qxc3 $14 Bd7 9. Bd3) 8... b6 9. Nf3 Bb7 10. Bb5+ c6 11. Bd3 O-O {[%emt 0:00:06] [#]} 12. Bf4 $146 ({Predecessor:} 12. e5 h6 13. Qe2 c5 14. Bc2 f5 15. exf6 Rxf6 16. Qd3 Bxf3 17. Qh7+ Kf7 18. gxf3 {½-½ (28) Najafiyan Pour,M (2162)-Hakimifard,G (2290) Teheran 2016}) 12... c5 13. O-O Nd7 {[%emt 0:03:19] [#]} (13... Qc8 $11 {keeps the balance.}) 14. d5 $1 $36 {[%emt 0:12:51][%mdl 2048] White is really pushing.} exd5 15. exd5 h6 16. c4 {[%emt 0:00:58] White is much more active. The black rooks are badly placed.} Nf6 17. Rfe1 {[%emt 0:07:20] Black must now prevent Qd2.} Bd6 18. Bd2 Bc8 ({Black should play} 18... b5 $14) 19. Bc3 Nh5 20. g3 Bd7 21. Ne5 Be8 $2 {[%emt 0:07:10] Black cannot hold the game after this.} (21... Bxe5 $16 22. Rxe5 Nf6) 22. f4 (22. Ng4 $142 {[%cal Og4h6] And now Nxh6+! would win.} f5 23. Bxf5) 22... Nf6 $18 23. a4 Rb8 24. Qg2 a6 25. g4 g6 (25... b5 $142 26. g5 hxg5) 26. Qh3 h5 27. Kh1 Bxe5 $2 (27... Bd7 28. Qg2 Nxg4) 28. Rxe5 ({Not} 28. Bxe5 Nxg4 29. Qg3 Nxe5 30. fxe5 f5 $16) 28... Bd7 29. Rg5 {[%emt 0:08:24][%cal Od3g6] [#] Hoping for Bxg6!} Nxg4 30. Qxh5 {[%emt 0:00:36] Weighted Error Value: White=0.23 (precise) /Black=0.71} 1-0